 Dungeon Crawl Stone Soup version 0.26-a0-639-g72c4674329 (webtiles) character file.

Game seed: 12625147019501310983

266 MrRokkomies the Sneak (level 5, -3/47 HPs)
             Began as a Demigod Delver on Sept 15, 2020.
             Slain by an ogre
             ... wielding a +0 giant club
              (23 damage)
             ... on level 3 of the Dungeon.
             The game lasted 00:05:08 (3337 turns).

MrRokkomies the Sneak (Demigod Delver)              Turns: 3337, Time: 00:05:08

Health: -3/47      AC: 12    Str: 17    XL:     5   Next: 67%
Magic:  16/16      EV: 13    Int: 14    God:
Gold:   220        SH:  0    Dex: 24    Spells: 4/4 levels left

rFire    . . .     SeeInvis .   a - +0 falchion
rCold    . . .     Faith    .   (no shield)
rNeg     . . .     Spirit   .   l - +4 ring mail of the Known World {Dex+7}
rPois    .         Reflect  .   z - +2 helmet
rElec    .         Harm     .   (no cloak)
rCorr    .         Rampage  .   (no gloves)
MR       .....                  (no boots)
Stlth    ++........             (no amulet)
HPRegen  0.15/turn              i - ring of magical power
MPRegen  0.15/turn              m - ring of attention

@: no status effects
A: high mp 1
a: no special abilities


You were on level 3 of the Dungeon.
You visited 1 branch of the dungeon, and saw 5 of its levels.

You collected 220 gold pieces.

Inventory:

Hand Weapons
 a - a +0 falchion (weapon)
Missiles
 o - 33 poisoned darts (quivered)
 p - 95 sling bullets
 v - 45 stones
Armour
 l - the +4 ring mail of the Known World (worn) {Dex+7}
   (You found it on level 4 of the Dungeon)

   It affects your dexterity (+7).
 w - a cursed +0 robe
 z - a +2 helmet (worn)
Magical Staves
 D - an uncursed staff of conjuration {unknown}
Jewellery
 i - a ring of magical power (left hand)
 m - a ring of attention (right hand)
 x - an uncursed ring of resist corrosion
 A - an uncursed ring of flight
 H - an uncursed ring of protection from magic
Wands
 g - a wand of digging (3)
 k - a wand of polymorph (6)
Scrolls
 c - 2 scrolls of fog
 d - a scroll of magic mapping
 e - 2 scrolls of fear
 n - a scroll of remove curse
 s - a scroll of enchant weapon {unknown}
 u - a scroll of immolation {unknown}
 y - 2 scrolls of blinking {unknown}
 F - a scroll of enchant armour {unknown}
 G - a scroll of amnesia {unknown}
Potions
 b - a potion of cancellation
 f - a potion of haste
 h - a potion of stabbing {unknown}
 j - 2 potions of mutation
 r - 3 potions of heal wounds
 t - a potion of lignification {unknown}
 B - a potion of might {unknown}
 C - 3 potions of curing
 E - a potion of berserk rage {unknown}


   Skills:
 * Level 4.3 Fighting
 * Level 3.8 Long Blades
 + Level 3.0 Dodging
 - Level 4.5 Stealth


You had 4 spell levels left.
You didn't know any spells.
Your spell library was empty.

Dungeon Overview and Level Annotations

Branches:
Dungeon (5/15)
 Temple: D:4-7


Innate Abilities, Weirdness & Mutations

You have an increased reservoir of magic. (+10% MP)


Message History

There is a stone staircase leading up here.
The ogre closely misses you.
You riposte.
You slash the ogre!
The ogre is heavily wounded.
You climb upwards.
There is a stone staircase leading down here.
You hit the ogre.
The ogre is heavily wounded.
The ogre hits you with a +0 giant club!
You hit the ogre.
The ogre is severely wounded.
The ogre hits you but does no damage.
You hit the ogre.
The ogre is severely wounded.
You hit the ogre.
The ogre is almost dead.
The ogre misses you.
You hit the ogre.
The ogre is almost dead.
The ogre hits you with a +0 giant club!!
You die...

....####..###.###.##.....# ##.#.#
....##.......[##.....#.>.# #.#.#
....#...<.(..............# #.#.#
.........................####.#.#
................>..........##...#
............#.........####.###'##
....#######.#......)..# #.....#
..### #...........# #######
######## ###..O@.....#
####≈≈≈######..######.#
≈≈≈≈≈≈≈≈≈#......# ###.#
##≈≈≈≈≈≈≈≈......###...##
.###≈≈≈####.....##...).#
...#####.)......##.....#
#....))))).......#.....#
###.....#####.##.......#
.##########............#


You could see an ogre.

Vanquished Creatures
  2 big kobolds (D:3)
  Robin (D:2)
  A howler monkey skeleton (D:3)
  2 adders
  An ooze (D:2)
  2 worms
  2 dart slugs
  A leopard gecko (D:2)
  An orc (D:3)
  5 giant cockroaches
  15 goblins
  7 hobgoblins
  5 jackals (D:1)
  14 kobolds
  3 quokkas
  6 bats
  4 frilled lizards
  4 rats
76 creatures vanquished.

Notes
Turn   | Place    | Note
-------+----------+-------------------------------------------
     0 | D:5      | MrRokkomies the Demigod Delver began the quest for the Orb.
     0 | D:5      | Reached XP level 1. HP: 18/18 MP: 3/3
   139 | D:4      | Got a heavily runed ring mail
   150 | D:4      | Identified the +4 ring mail of the Known World {Dex+7} (You
                  | found it on level 4 of the Dungeon)
   167 | D:4      | Found a radiant altar of Vehumet.
   167 | D:4      | Found a hide-covered altar of Uskayaw.
   174 | D:4      | Noticed an ogre
   209 | D:4      | Noticed a worker ant
   422 | D:3      | Found a shimmering altar of Xom.
   462 | D:2      | Reached XP level 2. HP: 26/26 MP: 4/4
   885 | D:1      | Reached XP level 3. HP: 28/31 MP: 5/5
  1497 | D:2      | Found an ancient bone altar of Kikubaaqudgha.
  1515 | D:2      | Noticed Robin
  1558 | D:2      | Killed Robin
  1936 | D:2      | Found a shattered altar of Ashenzari.
  2038 | D:2      | Reached XP level 4. HP: 38/38 MP: 6/6
  3051 | D:3      | Noticed a big kobold
  3080 | D:3      | Killed a big kobold
  3080 | D:3      | Reached XP level 5. HP: 41/46 MP: 7/7
  3159 | D:3      | Found a glowing golden altar of the Shining One.
  3214 | D:3      | Found a shimmering altar of Xom.
  3214 | D:3      | Found a shimmering altar of Xom.
  3216 | D:3      | Found a shimmering altar of Xom.
  3320 | D:4      | Noticed an ogre
  3337 | D:3      | Slain by an ogre

Illustrated notes

Levels and vault maps discovered:
D:1:      evilmike_arrival_come_back, layout_loops_corners
D:2:      layout_loops_ring, kiku_gazebo_garden_becter, eino_tiny_chamber,
          evilmike_ruin_ashenzari, uniq_robin
D:3:      cheibrodos_thug_alley, layout_rooms, xom_redecorated,
          nicolae_tso_swordbearing_angel
D:4:      layout_gridville, gammafunk_temple_overflow_elements,
          minmay_misc_feat_columns, minmay_manual_mullet
D:5:      layout_basic, serial_bayou_pond_b

Skill      XL: |  1  2  3  4  5 |
---------------+----------------+-----
Fighting       | 3 4 |  4.3
Long Blades    | 2 3 |  3.8
Dodging        | 2 3 |  3.0
Stealth        | |  4.5

Action                   |  1- 3 |  4- 6 || total
-------------------------+-------+-------++-------
Melee: Falchion          |   124 |   123 ||   247
  Use: Scroll            |       |     5 ||     5
 Stab: Sleeping          |     7 |     2 ||     9
Armor: Ring mail         |    55 |    49 ||   104
Dodge: Dodged            |    94 |    77 ||   171
       Rpst.: Falchion   |    28 |    26 ||    54

Table legend: (Time is in decaauts)
 A = Elapsed time spent in this place.
 B = Non-inter-level travel time spent in this place.
 C = Inter-level travel time spent in this place.
 D = Time resting spent in this place.
 E = Time spent auto-exploring this place.
 F = Levels seen in this place.
 G = Mean time per level.
                   A        B        C        D        E       F      G
               +--------+--------+--------+--------+--------+-----+--------+
         Total |   3380 |   3214 |    166 |    138 |   2380 |   5 |  676.0 |
       Dungeon |   3380 |   3214 |    166 |    138 |   2380 |   5 |  676.0 |
               +--------+--------+--------+--------+--------+-----+--------+

Top non-repeatable levels by time:
     D:2: 1172 daAuts
     D:1: 915 daAuts
     D:3: 873 daAuts
     D:4: 297 daAuts
     D:5: 121 daAuts
